 Dungeon Crawl Stone Soup version 0.25-a0-634-gd1561dc703 (webtiles) character file.

Game seed: 715670639012977064, levelgen mode: deterministic

4550 DasRunzen the Fighter (level 10, -22/90 HPs)
             Began as a Minotaur Fighter on Mar 20, 2020.
             Was an Elder of Makhleb.
             Killed from afar by Nergalle (26 damage)
             ... with a bolt of negative energy
             ... on level 10 of the Dungeon.
             The game lasted 00:48:58 (6918 turns).

DasRunzen the Fighter (Minotaur Fighter)            Turns: 6918, Time: 00:48:58

Health: -22/90     AC: 18    Str: 25    XL:     10   Next: 17%
Magic:  13/13      EV:  5    Int:  5    God:    Makhleb [****..]
Gold:   440        SH: 11    Dex:  9    Spells: 9/9 levels left

rFire    . . .     SeeInvis .   a - +0 war axe
rCold    . . .     Gourm    .   c - +0 kite shield
rNeg     . . .     Faith    .   j - +0 plate armour
rPois    .         Spirit   .   (helmet restricted)
rElec    .         Reflect  .   (no cloak)
rCorr    .         Harm     .   r - +2 pair of gloves
MR       +....                  h - +0 pair of boots
Stlth    ..........             z - amulet of the acrobat
HPRegen  0.25/turn              (no ring)
MPRegen  0.13/turn              v - ring of protection from magic

@: mighty, drained
A: retaliatory headbutt, horns 2
a: Minor Destruction, Lesser Servant of Makhleb, Major Destruction, Renounce
Religion


You were on level 10 of the Dungeon.
You worshipped Makhleb.
Makhleb was greatly pleased with you.
You were not hungry.

You visited 1 branch of the dungeon, and saw 10 of its levels.
You also visited: Sewer.

You collected 440 gold pieces.

Inventory:

Hand Weapons
 a - a +0 war axe (weapon)
Armour
 c - a +0 kite shield (worn)
 h - a +0 pair of boots (worn)
 j - a +0 plate armour (worn)
 r - a +2 pair of gloves (worn)
Jewellery
 v - a ring of protection from magic (right hand)
 z - an amulet of the acrobat (around neck)
Wands
 C - a wand of flame (77)
Scrolls
 k - a scroll of identify
 p - a scroll of enchant weapon {unknown}
 q - a scroll of magic mapping {unknown}
 s - a scroll of amnesia
 t - 3 scrolls of teleportation {unknown}
 u - 3 scrolls of noise {unknown}
 y - a scroll of immolation {unknown}
 A - 4 scrolls of fog {unknown}
Potions
 b - a potion of curing
 d - a potion of might
 e - a potion of ambrosia
 g - a potion of berserk rage {unknown}
 i - a potion of lignification
 m - 2 potions of flight {unknown}
 o - a potion of mutation {unknown}
 x - 4 potions of heal wounds
 B - 2 potions of haste {unknown}
Comestibles
 f - 14 rations


   Skills:
 + Level 8.9(7.7) Fighting
 + Level 8.5(7.3) Axes
 + Level 8.9(7.7) Armour
 + Level 8.9(7.7) Shields
 + Level 6.1(5.0) Invocations


You had 9 spell levels left.
You didn't know any spells.
Your spell library was empty.

Dungeon Overview and Level Annotations

Branches:
Dungeon (10/15)            Temple (0/1) D:4             Orc (0/2) D:9
  Sewer (visited)
   Lair: D:8-11

Altars:
Cheibriados
Dithmenos
Hepliaklqana
Makhleb
Qazlal
Yredelemnul
The Shining One

Shops:
D:6 %

Annotations:
D:10 Maurice, Nergalle


Innate Abilities, Weirdness & Mutations

You reflexively headbutt those who attack you in melee.
You have a pair of horns on your head.


Message History

Nergalle hits you but does no damage.
You slash something! You headbutt something! Makhleb accepts your kill.
You feel better.
Reactivating autopickup.
You feel a bit more experienced.
You hit Nergalle.
You hit the spectral orc warlord but do no damage.
The spectral orc warlord hits you but does no damage.
Nergalle hits you but does no damage.
The spectral orc warlord hits you but does no damage.
You block the orc priest's attack.
You closely miss the orc priest. You headbutt the orc priest!
The orc priest is heavily wounded.
You hit the orc. You slash the spectral orc warlord!
Your shield and plate armour prevent you from hitting Nergalle.
The orc hits you but does no damage. The orc priest hits you.
* * * LOW HITPOINT WARNING * * *
Nergalle points at you and mumbles some strange words.
The bolt of negative energy hits you!!
You feel drained.
You die...

#... ..#
#......# .#
#... ..#####.#
#..# #.......#
#..###.......#
#............
#........#..
#.Zo##...#
#.o@##.))#
#.o.##.))#
#...##)()#
#........#
#........#
#.####...#..#
#........#).#
#...........#
#...........#


You could see Nergalle, a spectral orc warlord, an orc priest and an orc.

Vanquished Creatures
  A tengu warrior (D:10)
  A tengu conjurer (D:10)
  A hippogriff (D:8)
  6 orc warriors
  2 ice beasts
  3 sky beasts
  A necrophage (D:5)
  4 ogres
  A phantom (D:6)
  A centaur (D:6)
  A crocodile (Sewer)
  A big kobold (D:8)
  4 bullfrogs
  A water moccasin zombie (D:8)
  A scorpion (D:7)
  5 wights (D:9)
  A howler monkey (D:6)
  3 crimson imps
  4 hounds
  2 bullfrog zombies
  6 orc priests
  A centaur skeleton (D:6)
  5 worker ants
  6 orc wizards
  A hound zombie (D:8)
  A howler monkey zombie (D:7)
  2 worker ant zombies
  7 gnolls
  A howler monkey skeleton (D:4)
  11 adders
  A shadow imp (D:9)
  3 oozes
  2 adder skeletons
  An adder zombie (D:7)
  8 worms
  2 dart slugs
  5 leopard geckos
  33 orcs
  17 bats
  6 giant cockroaches
  9 hobgoblins
  7 jackals
  16 kobolds
  2 quokkas
  3 ball pythons
  3 frilled lizards
  7 goblins
  A leopard gecko skeleton (D:4)
  A leopard gecko zombie (D:7)
  9 rats
221 creatures vanquished.

Notes
Turn   | Place    | Note
-------+----------+-------------------------------------------
     0 | D:1      | DasRunzen the Minotaur Fighter began the quest for the Orb.
     0 | D:1      | Reached XP level 1. HP: 19/19 MP: 0/0
    94 | D:1      | Reached XP level 2. HP: 24/27 MP: 1/1
   508 | D:1      | Reached XP level 3. HP: 30/33 MP: 2/2
   964 | D:2      | Reached XP level 4. HP: 37/40 MP: 3/3
  1201 | D:3      | Found a burning altar of Makhleb.
  1208 | D:3      | Reached XP level 5. HP: 43/47 MP: 4/4
  1215 | D:3      | Became a worshipper of Makhleb the Destroyer
  1792 | D:4      | Found a glowing golden altar of the Shining One.
  1878 | D:4      | Reached skill level 5 in Fighting
  1878 | D:4      | Reached skill level 5 in Armour
  1878 | D:4      | Reached skill level 5 in Shields
  1878 | D:4      | Reached skill level 1 in Invocations
  2005 | D:4      | Reached XP level 6. HP: 56/56 MP: 5/5
  2060 | D:4      | Reached * piety under Makhleb
  2262 | D:4      | Found a staircase to the Ecumenical Temple.
  2329 | D:4      | Found a hazy altar of Hepliaklqana.
  2445 | D:5      | Entered Level 5 of the Dungeon
  2492 | D:5      | Reached XP level 7. HP: 61/61 MP: 7/7
  2561 | D:5      | Reached skill level 5 in Axes
  3055 | D:6      | Reached ** piety under Makhleb
  3213 | D:6      | Reached XP level 8. HP: 68/71 MP: 9/9
  3437 | D:6      | Found a glowing drain.
  3438 | D:6      | Found Duwiukue's Food Shoppe.
  3446 | Sewer    | Entered a sewer
  3771 | D:7      | Found a basalt altar of Yredelemnul.
  3933 | D:7      | Found a stormy altar of Qazlal.
  4160 | D:7      | Reached XP level 9. HP: 79/79 MP: 11/11
  4192 | D:7      | Got a warped leather armour
  4203 | D:7      | Identified the cursed +0 leather armour of Weightlessness
                  | {rF+ Dex-3 SInv} (You found it on level 7 of the Dungeon)
  4418 | D:8      | Found a shadowy altar of Dithmenos.
  4480 | D:8      | Reached *** piety under Makhleb
  4810 | D:8      | Reached skill level 5 in Invocations
  5375 | D:9      | HP: 1/81 [orc warrior/+0 glaive (14)]
  5658 | D:9      | Found a snail-covered altar of Cheibriados.
  5848 | D:9      | Found a staircase to the Orcish Mines.
  6223 | D:10     | Entered Level 10 of the Dungeon
  6223 | D:10     | Noticed a tengu conjurer
  6225 | D:10     | Noticed a tengu warrior
  6820 | D:10     | Noticed Maurice
  6834 | D:10     | Killed a tengu conjurer
  6835 | D:10     | HP: 3/82 [orc warrior/+0 glaive (14)]
  6837 | D:10     | HP: 1/82 [something (2)]
  6840 | D:10     | Killed a tengu warrior
  6840 | D:10     | Reached XP level 10. HP: 29/90 MP: 13/13
  6901 | D:10     | Noticed Nergalle
  6905 | D:10     | Noticed a spectral orc warlord
  6914 | D:10     | Reached **** piety under Makhleb
  6915 | D:10     | HP: 2/90 [something/puff of frost (4)]
  6918 | D:10     | Killed from afar by Nergalle

Levels and vault maps discovered:
D:1:      evilmike_arrival_hilbert_curve, layout_basic, palyth_stone_intersect
D:2:      layout_rooms, first_ration, minmay_octomino_j4
D:3:      layout_loops_ring, chequers_ecumenical_altar_grove,
          makhleb_heckhound_becter
D:4:      layout_loops_ring, tso_metal_star, lemuel_doored_altar, temple_statues
D:5:      layout_rooms
D:6:      layout_rooms, nicolae_overflow_hidden_temple,
          cheibrodos_sewer_entry_drain, serial_shops, shop_statue,
          uniq_crazy_yiuf_cottage
D:7:      minmay_razor_zed, layout_layer_cave, nicolae_qazlal_general_emergency,
          lemuel_crystal_altar
D:8:      layout_basic, lemuel_crystal_altar
D:9:      layout_rooms, cheibriados_altar_1, david_orc_4
D:10:     layout_stronghold, minmay_lair_entry_grove, kennysheep_another_room,
          uniq_urug, uniq_maurice, uniq_nergalle

Skill      XL: |  1  2  3  4  5  6  7  8  9 |
---------------+----------------------------+-----
Fighting       | 4 5 6 7 8 |  8.9
Armour         | 4 5 6 7 8 |  8.9
Shields        | 4 5 6 7 8 |  8.9
Axes           | 3 4 5 6 8 |  8.5
Invocations    | 1 2 3 4 6 |  6.1

Action                   |  1- 3 |  4- 6 |  7- 9 | 10-12 || total
-------------------------+-------+-------+-------+-------++-------
Melee: War axe           |    85 |   156 |   407 |    24 ||   672
       Headbutt          |    15 |    28 |    77 |     7 ||   127
  Use: Scroll            |     2 |     2 |     8 |       ||    12
       Potion            |       |       |     4 |     1 ||     5
  Eat: Chunk             |       |     5 |     9 |       ||    14
       Ration            |       |       |     2 |       ||     2
Armor: Scale mail        |    18 |       |       |       ||    18
       Plate armour      |    61 |    76 |   286 |    23 ||   446
Dodge: Dodged            |    25 |    31 |   134 |     4 ||   194
Block: Kite shield       |    61 |    73 |   307 |    19 ||   460

Table legend:
 A = Non-vault XP
 B = Vault XP
 C = Vault XP percentage of total XP
 D = Non-vault monster count
 E = Vault monster count
 F = Vault count percentage of total count
                 A         B        C        D         E       F
            +---------+---------+-------+---------+---------+-------
      Total |    5428 |    1073 |  16.5 |     189 |      32 |  14.5
            +---------+---------+-------+---------+---------+-------
        D:1 |      53 |       0 |   0.0 |      30 |       0 |   0.0
        D:2 |     113 |       5 |   4.2 |      20 |       4 |  16.7
        D:3 |     106 |      42 |  28.4 |      17 |       1 |   5.6
        D:4 |     286 |       0 |   0.0 |      18 |       0 |   0.0
        D:5 |     554 |       0 |   0.0 |      21 |       0 |   0.0
        D:6 |    1063 |       6 |   0.6 |      30 |       2 |   6.2
        D:7 |     361 |     237 |  39.6 |       9 |       5 |  35.7
        D:8 |     860 |       0 |   0.0 |      22 |       0 |   0.0
        D:9 |     475 |     670 |  58.5 |       9 |      14 |  60.9
       D:10 |    1557 |       0 |   0.0 |      13 |       0 |   0.0
      Sewer |       0 |     113 | 100.0 |       0 |       6 | 100.0
            +---------+---------+-------+---------+---------+-------
